 Dungeon Crawl Stone Soup version 0.29-a0-925-g0a7a3d12f8 (webtiles) character file.

Game seed: 3492231236042504310

266 tilp the Grave Robber (level 6, -5/46 HPs)
             Began as a Mummy Necromancer on July 29, 2022.
             Slain by Grinder (7 damage)
             ... while paralysed by Grinder
             ... on level 4 of the Dungeon.
             The game lasted 00:04:18 (3346 turns).

tilp the Grave Robber (Mummy Necromancer)           Turns: 3346, Time: 00:04:19

Health: -5/46      AC:  3    Str: 11      XL:     6   Next: 0%
Magic:  10/10      EV:  2    Int: 16      God:
Gold:   105        SH:  0    Dex: 11 (13) Spells: 7/11 levels left

rFire   . . .      SeeInvis .   k - +0 short sword (freeze)
rCold   + . .      Faith    .   (no shield)
rNeg    + + +      Spirit   .   h - +0 robe
rPois   ∞          Reflect  .   i - +0 helmet
rElec   .          Harm     .   (no cloak)
rCorr   .          Rampage  .   (no gloves)
Will    .....                   (no boots)
Stlth   ++........              f - amulet of regeneration
HPRegen 0.95/turn               e - ring of protection from fire
MPRegen 0.12/turn               (no ring)

@: paralysed
A: cold resistance 1, negative energy resistance 3, torment resistance 2, heat
vulnerability 1, in touch with death 1, no potions
a: no special abilities


You were on level 4 of the Dungeon.
You visited 1 branch of the dungeon, and saw 4 of its levels.

You collected 105 gold pieces.

Inventory:

Hand Weapons
 a - a +2 vampiric whip
 b - a +0 spear
 k - a +0 short sword of freezing (weapon)
Missiles
 d - 55 stones (quivered)
 j - 4 datura-tipped darts
 l - 2 throwing nets
Armour
 h - a +0 robe (worn)
 i - a +0 helmet (worn)
Jewellery
 e - a ring of protection from fire (left hand)
 f - an amulet of regeneration (around neck)
 n - an amulet of reflection
Scrolls
 c - 3 scrolls of identify
 g - a scroll of poison
 m - a scroll of immolation


   Skills:
 * Level 2.4 Fighting
 + Level 2.1 Dodging
 - Level 2.0 Stealth
 + Level 3.1 Spellcasting
 * Level 6.1 Necromancy


You had 7 spell levels left.
You knew the following spells:

 Your Spells              Type           Power      Damage    Failure   Level
a - Necrotise             Necr           100%       1d9       1%          1
b - Vampiric Draining     Necr           33%        2d8       4%          3

Your spell library contained the following spells:

 Spells                   Type           Power      Damage    Failure   Level
 Animate Dead             Necr           33%        N/A       14%         4
 Agony                    Necr           33%        N/A       38%         5
 Dazzling Flash           Conj/Hex       4%         N/A       50%         3
 Iskenderun's Mystic Bla  Conj/Tloc      2%         2d3       88%         4
 Starburst                Conj/Fire      1%         6d3       100%        6


Dungeon Overview and Level Annotations

Branches:
Dungeon (4/15)
 Temple: D:4-7

Altars:
Ashenzari
Gozag

Annotations:
D:4 Eustachio, Grinder


Innate Abilities, Weirdness & Mutations

You are immune to poison.
Your flesh is cold resistant. (rC+)
You are immune to negative energy. (rN+++)
You are immune to unholy pain and torment.
You are vulnerable to heat. (rF-)
You are in touch with the powers of death.
You do not drink.


Message History

The quasit barely misses you.
The quasit claws you but does no damage.
The quasit closely misses you.
The quasit claws you but does no damage. x2
Grinder hits you.
* * * LOW HITPOINT WARNING * * *
You hit Grinder.
Grinder is moderately wounded.
The quasit closely misses you. The quasit claws you.
* * * LOW HITPOINT WARNING * * *
The quasit claws you but does no damage.
Grinder hits you but does no damage.
Unknown command.
You barely miss Grinder.
Grinder is moderately wounded.
The quasit disappears in a puff of smoke!
Grinder hits you.
* * * LOW HITPOINT WARNING * * *
Eustachio mumbles some strange words.
You hit Grinder.
Grinder is moderately wounded.
Grinder closely misses you.
Unknown command.
Okay, then.
You barely miss Grinder.
Grinder is moderately wounded.
The iron imp hits you.
* * * LOW HITPOINT WARNING * * *
Grinder hits you!
* * * LOW HITPOINT WARNING * * *
Unknown command.
You hit Grinder but do no damage.
Grinder is moderately wounded.
Grinder says, "FISH!"
Grinder gestures at you.
You suddenly lose the ability to move!
The iron imp hits you.
* * * LOW HITPOINT WARNING * * *
Eustachio mumbles some strange words.
Eustachio blinks!
Grinder hits you!
You die...

## ## #. .. ##.
#@#### .# #..
#..55# #.# #.. #§#
#.# .# #.. #5#
#.##.# #.. #@#
#.##.# #.. #.#
##5###..#.#######..
#.#
#..............<)..
#.#
##.##.....########!
#^#
#.#..>............
#.#
##.##......>.......
#.#
#.........#########
#.# #.#####.#.#
#.#####.# ###.#


You could see Grinder, an iron imp (summoned) and 2 shadow imps.

Vanquished Creatures
  A necrophage (D:4)
  A hound (D:4)
  2 orc priests
  An orc wizard (D:3)
  A gnoll (D:3)
  A worm (D:2)
  6 orcs
  5 ball pythons
  7 endoplasms
  7 giant cockroaches
  6 goblins
  5 hobgoblins
  2 kobolds
  2 quokkas (D:2)
  6 bats
  A frilled lizard (D:3)
  7 rats
61 creatures vanquished.

Vanquished Creatures (collateral kills)
  An adder (D:3)
1 creature vanquished.

Grand Total: 62 creatures vanquished

Notes
Turn   | Place    | Note
-------+----------+-------------------------------------------
     0 | D:1      | tilp the Mummy Necromancer began the quest for the Orb.
     0 | D:1      | Reached XP level 1. HP: 13/13 MP: 4/4
   373 | D:1      | Reached XP level 2. HP: 20/20 MP: 5/5
   431 | D:1      | Reached skill level 1 in Fighting
  1002 | D:2      | HP: 1/21 [worm (4)]
  1446 | D:2      | Gained mutation: You are in touch with the powers of death.
                  | [Mummy growth]
  1446 | D:2      | Reached XP level 3. HP: 26/26 MP: 7/7
  1450 | D:2      | Learned a level 3 spell: Vampiric Draining
  1959 | D:3      | Found a broken altar of Ashenzari.
  2224 | D:3      | Found an opulent altar of Gozag.
  2383 | D:3      | Reached XP level 4. HP: 9/33 MP: 3/8
  2595 | D:3      | Reached skill level 5 in Necromancy
  2828 | D:3      | Found a faded altar of an unknown god.
  2936 | D:3      | Reached XP level 5. HP: 37/38 MP: 5/9
  3190 | D:4      | Reached skill level 6 in Necromancy
  3269 | D:4      | Reached XP level 6. HP: 35/46 MP: 10/10
  3321 | D:4      | Noticed Grinder
  3321 | D:4      | Noticed Eustachio
  3334 | D:4      | Paralysed by Grinder for 2 turns
  3344 | D:4      | HP: 1/46 [Grinder (7)]
  3345 | D:4      | Paralysed by Grinder for 3 turns
  3346 | D:4      | Slain by Grinder

Illustrated notes

Levels and vault maps discovered:
D:1:      dpeg_arrival_round_b, layout_rooms, minmay_misc_feat_iff,
          amcnicky_mini_pool_small, chequers_big_river
D:2:      layout_loops_corners
D:3:      layout_basic, chequers_temple_overflow_statue_of_worship,
          dreamdust_ecumenical_altar_sealed_demon, minmay_quantized
D:4:      layout_loops_ring, dk_rats_in_the_wall, uniq_eustachio, uniq_grinder

Skill      XL: |  1  2  3  4  5 |
---------------+----------------+-----
Fighting       | 1 2 |  2.4
Spellcasting   | 3 |  3.1
Dodging        | 2 |  2.1
Stealth        | 2 |  2.0
Necromancy     | 5 6 |  6.1

Action                   |  1- 3 |  4- 6 || total
-------------------------+-------+-------++-------
Melee: Spear             |    28 |    15 ||    43
       Whip              |    40 |    82 ||   122
       Punch             |       |     3 ||     3
       Short sword       |       |    20 ||    20
 Cast: Necrotise         |    41 |     9 ||    50
       Vampiric Draining |       |     1 ||     1
  Use: Scroll            |     3 |     1 ||     4
 Stab: Sleeping          |     3 |     1 ||     4
Armor: Robe              |    17 |    38 ||    55
Dodge: Dodged            |    36 |    72 ||   108

Table legend: (Time is in decaauts)
 A = Elapsed time spent in this place.
 B = Non-inter-level travel time spent in this place.
 C = Inter-level travel time spent in this place.
 D = Time resting spent in this place.
 E = Time spent auto-exploring this place.
 F = Levels seen in this place.
 G = Mean time per level.
                   A        B        C        D        E       F      G
               +--------+--------+--------+--------+--------+-----+--------+
         Total |   3367 |   3195 |    172 |     36 |   2658 |   4 |  841.8 |
       Dungeon |   3367 |   3195 |    172 |     36 |   2658 |   4 |  841.8 |
               +--------+--------+--------+--------+--------+-----+--------+

Top non-repeatable levels by time:
     D:3: 1108 daAuts
     D:2: 992 daAuts
     D:1: 987 daAuts
     D:4: 279 daAuts
